 Dungeon Crawl Stone Soup version 0.31-a0-1589-g8f5e8aebd6 (webtiles) character file.

Game seed: 13707925762600434716

1252 CougarLife the Ruffian (level 8, -4/61 HPs)
             Began as a Gnoll Shapeshifter on Jan 6, 2024.
             Slain by an iguana (11 damage)
             ... on level 5 of the Dungeon.
             The game lasted 00:10:07 (5630 turns).

CougarLife the Ruffian (Gnoll Shapeshifter)         Turns: 5630, Time: 00:10:08

Health: -4/61      AC:  2    Str: 16    XL:     8   Next: 51%
Magic:  13/13      EV: 13    Int: 10    God:
Gold:   295        SH:  0    Dex: 11    Spells: 13/13 levels left

rFire   . .          .
                       - Unarmed
rCold   . . .        (no shield)
rNeg    . . .        a - +0 animal skin
rPois   .            (helmet currently unavailable)
rElec   .            (cloak currently unavailable)
rCorr   .            (gloves currently unavailable)
SInv    .            (boots currently unavailable)
Will    .....        (no amulet)
Stlth   ++           (no ring)
HPRegen 0.30/turn    (no ring)
MPRegen 0.13/turn

%: no passive effects
@: beast-form
A: beast (slay +4), fangs 1, strong nose, distributed training
a: Begin Untransformation


You were on level 5 of the Dungeon.
You were a hulking beast.
You visited 1 branch of the dungeon, and saw 6 of its levels.

You collected 295 gold pieces.

Inventory:

Missiles
 l - a curare-tipped dart
 m - 6 poisoned darts (quivered)
 r - 4 silver javelins
Armour
 a - a +0 animal skin (worn)
Jewellery
 p - a ring of flight
Talismans
 c - a beast talisman (active)
 d - a flux talisman
Wands
 b - a wand of charming (10)
 k - a wand of polymorph (17)
Scrolls
 f - 2 scrolls of teleportation
 j - a scroll of poison
 q - a scroll of amnesia {unknown}
Potions
 e - a potion of magic {unknown}
 g - a potion of attraction {unknown}
 h - 4 potions of curing
 i - a potion of brilliance {unknown}
 n - 2 potions of heal wounds
 o - 2 potions of haste {unknown}


   Skills:
 + Level 4.4 Fighting
 + Level 3.4 Short Blades
 + Level 3.4 Long Blades
 + Level 3.4 Axes
 + Level 3.4 Maces & Flails
 + Level 3.4 Polearms
 + Level 3.4 Staves
 + Level 3.4 Ranged Weapons
 + Level 3.4 Throwing
 + Level 3.4 Armour
 + Level 5.8 Dodging
 + Level 3.4 Stealth
 + Level 3.4 Shields
 + Level 7.5 Unarmed Combat
 + Level 3.4 Spellcasting
 + Level 2.8 Conjurations
 + Level 2.8 Hexes
 + Level 2.8 Summonings
 + Level 2.8 Necromancy
 + Level 2.8 Translocations
 + Level 2.8 Fire Magic
 + Level 2.8 Ice Magic
 + Level 2.8 Air Magic
 + Level 2.8 Earth Magic
 + Level 2.8 Alchemy
 + Level 3.8 Invocations
 + Level 3.4 Evocations
 + Level 7.3 Shapeshifting


You had 13 spell levels left.
You didn't know any spells.
Your spell library contained the following spells:

 Spells                   Type           Power      Damage    Failure   Level
 Kiss of Death            Conj/Necr      28%        2d7       9%          1
 Summon Small Mammal      Summ           28%        N/A       9%          1
 Call Canine Familiar     Summ           7%         N/A       26%         3
 Confusing Touch          Hex            7%         N/A       26%         3
 Dispel Undead            Necr           7%         3d8       63%         4
 Summon Blazeheart Golem  Fire/Summ      7%         N/A       63%         4
 Vhi's Electric Charge    Tloc/Air       14%        N/A       63%         4
 Arcjolt                  Conj/Air       3%         1d13      93%         5
 Iskenderun's Battlesphe  Conj           7%         2d6       93%         5
 Bombard                  Conj/Erth      3%         9d1       100%        6
 Plasma Beam              Fire/Air       3%         2x1d13    100%        6
 Spellforged Servitor     Conj/Summ      3%         N/A       100%        7


Dungeon Overview and Level Annotations

Branches:
Dungeon (6/15)
 Temple: D:4-7

Altars:
Hepliaklqana
Nemelex Xobeh
Uskayaw
Vehumet
Zin


Innate Abilities, Weirdness & Mutations

You are a hulking beast.
Your limbs bulge with bestial killing power. (Slay +4)
You have very sharp teeth.
Your uncanny sense of smell can sniff out nearby items.
Your experience applies equally to all skills.


Message History

You kill the orc wizard!
You hit the orc.
The orc is moderately wounded.
The orc hits you with a +0 hand axe.
An iguana comes into view.
The iguana hisses angrily.
You punch the orc priest!
The orc priest is severely wounded.
The orc priest calls down the wrath of Beogh upon you.
Beogh smites you! The orc closely misses you.
You punch the orc priest!
You kill the orc priest!
You punch the orc!
You kill the orc!
m - 6 poisoned darts (gained 1)
Items here: )) [[ †.
You start resting.
An iguana is nearby!
The iguana bites you!
Items here: ( ) [ †.
You barely miss the iguana. The iguana bites you!
* * * LOW HITPOINT WARNING * * *
Items here: )) [[ †.
There is a stone staircase leading up here.
The iguana bites you.
* * * LOW HITPOINT WARNING * * *
You climb upwards.
There is a stone staircase leading down here.
You hit the iguana. You bite the iguana, but do no damage.
The iguana is lightly wounded.
The iguana bites you.
* * * LOW HITPOINT WARNING * * *
You hit the iguana but do no damage. Your bite misses the iguana.
The iguana is lightly wounded.
The iguana bites you.
* * * LOW HITPOINT WARNING * * *
You closely miss the iguana.
The iguana is lightly wounded.
The iguana bites you!
You die...

#.[.............
#.#.............
########.#.#...########
#......#.#.#...#
#........#.....#
#......#.#.....#
#......#.#.....#
#.....l#.#.#...########
#.....h................
########.#.#.#.####....
#.#.#.#.# #....
#.#.#.#.# #....
#.#.#.#.# #....
#.#.#.#.# #....
#.#)#.#.# #....
#.#.#.#.# #....
#.#.#.#.########


You could see an iguana.

Vanquished Creatures
  2 black bears (D:5)
  2 ogres
  A kobold brigand (D:4)
  2 bullfrogs
  A bombardier beetle (D:4)
  A jelly (D:4)
  2 hounds (D:5)
  A gnoll bouda (D:5)
  2 orc priests (D:6)
  An iguana (D:4)
  3 orc wizards
  Ijyb (D:4)
  Natasha (thrice) (D:2)
  6 gnolls
  12 adders
  2 ufetubi (D:5)
  A ribbon worm (D:3)
  2 dart slugs
  12 orcs
  5 endoplasms
  5 giant cockroaches
  10 goblins
  8 hobgoblins
  34 kobolds
  2 quokkas
  9 ball pythons
  A bat (D:2)
  5 frilled lizards
  5 rats
141 creatures vanquished.

Notes
Turn   | Place    | Note
-------+----------+-------------------------------------------
     0 | D:1      | CougarLife the Gnoll Shapeshifter began the quest for the
                  | Orb.
     0 | D:1      | Reached XP level 1. HP: 17/17 MP: 1/1
    75 | D:1      | Reached XP level 2. HP: 23/23 MP: 2/2
   233 | D:1      | You fall into a shaft and drop 1 floor!
   258 | D:2      | Reached XP level 3. HP: 28/28 MP: 2/4
   267 | D:2      | Noticed Natasha
   277 | D:2      | Killed Natasha
   278 | D:2      | Reached skill level 1 in Short Blades
   278 | D:2      | Reached skill level 1 in Long Blades
   278 | D:2      | Reached skill level 1 in Axes
   278 | D:2      | Reached skill level 1 in Maces & Flails
   278 | D:2      | Reached skill level 1 in Polearms
   278 | D:2      | Reached skill level 1 in Staves
   278 | D:2      | Reached skill level 1 in Ranged Weapons
   278 | D:2      | Reached skill level 1 in Throwing
   278 | D:2      | Reached skill level 1 in Armour
   278 | D:2      | Reached skill level 1 in Stealth
   278 | D:2      | Reached skill level 1 in Shields
   278 | D:2      | Reached skill level 1 in Spellcasting
   278 | D:2      | Reached skill level 1 in Invocations
   278 | D:2      | Reached skill level 1 in Evocations
   335 | D:1      | Reached XP level 4. HP: 34/34 MP: 5/5
   672 | D:2      | Reached skill level 1 in Conjurations
   672 | D:2      | Reached skill level 1 in Hexes
   672 | D:2      | Reached skill level 1 in Summonings
   672 | D:2      | Reached skill level 1 in Necromancy
   672 | D:2      | Reached skill level 1 in Translocations
   672 | D:2      | Reached skill level 1 in Fire Magic
   672 | D:2      | Reached skill level 1 in Ice Magic
   672 | D:2      | Reached skill level 1 in Air Magic
   672 | D:2      | Reached skill level 1 in Earth Magic
   672 | D:2      | Reached skill level 1 in Alchemy
  1113 | D:2      | Noticed Natasha
  1118 | D:2      | Killed Natasha
  1119 | D:2      | Reached XP level 5. HP: 41/41 MP: 7/7
  1516 | D:2      | Noticed Natasha
  1529 | D:2      | Killed Natasha
  1809 | D:3      | Reached XP level 6. HP: 34/47 MP: 8/8
  1820 | D:3      | Reached skill level 5 in Dodging
  1983 | D:3      | Found a radiant altar of Vehumet.
  2747 | D:4      | HP: 1/47 [gnoll/+0 spear (9)]
  3115 | D:4      | Noticed Ijyb
  3160 | D:4      | Killed Ijyb
  3161 | D:4      | Reached XP level 7. HP: 16/52 MP: 10/10
  4621 | D:5      | Entered Level 5 of the Dungeon
  4639 | D:5      | Found a glowing silver altar of Zin.
  4754 | D:5      | Found a sparkling altar of Nemelex Xobeh.
  4754 | D:5      | Found a hazy altar of Hepliaklqana.
  4902 | D:5      | Reached XP level 8. HP: 58/60 MP: 12/12
  5135 | D:5      | Found a hide-covered altar of Uskayaw.
  5630 | D:5      | Slain by an iguana

Illustrated notes

Levels and vault maps discovered:
D:1:      tarquinn_simple_flora_water_e, layout_rooms
D:2:      layout_basic, nicolae_twisty_statue_hallways, uniq_natasha
D:3:      layout_basic, mainiacjoe_overflow_concentric_impassable
D:4:      kennysheep_kobold_camp, layout_loops_corners,
          nicolae_concentric_dashed_squares_wild, uniq_ijyb
D:5:      layout_basic, mainiacjoe_overflow_boulevard,
          grunt_temple_overflow_open, nicolae_tricolors
D:6:      layout_loops_ring, evilmike_ruin_ashenzari, kennysheep_generic_room_9,
          uniq_blork_the_orc

Skill      XL: |  1  2  3  4  5  6  7 |
---------------+----------------------+-----
Short Blades   | 1 2 3 |  3.4
Long Blades    | 1 2 3 |  3.4
Axes           | 1 2 3 |  3.4
Maces & Flails | 1 2 3 |  3.4
Polearms       | 1 2 3 |  3.4
Staves         | 1 2 3 |  3.4
Ranged Weapons | 1 2 3 |  3.4
Throwing       | 1 2 3 |  3.4
Armour         | 1 2 3 |  3.4
Stealth        | 1 2 3 |  3.4
Shields        | 1 2 3 |  3.4
Spellcasting   | 1 2 3 |  3.4
Invocations    | 1 2 3 |  3.8
Evocations     | 1 2 3 |  3.4
Conjurations   | 1 2 |  2.8
Hexes          | 1 2 |  2.8
Summonings     | 1 2 |  2.8
Necromancy     | 1 2 |  2.8
Translocations | 1 2 |  2.8
Fire Magic     | 1 2 |  2.8
Ice Magic      | 1 2 |  2.8
Air Magic      | 1 2 |  2.8
Earth Magic    | 1 2 |  2.8
Alchemy        | 1 2 |  2.8
Fighting       | 3 4 |  4.4
Dodging        | 5 |  5.8
Unarmed Combat | 7 |  7.5
Shapeshifting  | 7 |  7.3

Action                     |  1- 3 |  4- 6 |  7- 9 || total
---------------------------+-------+-------+-------++-------
  Melee: Unarmed           |    34 |   149 |   116 ||   299
         Bite              |     2 |    11 |     5 ||    18
         Punch             |     3 |     6 |     3 ||    12
  Throw: Dart              |       |     2 |    29 ||    31
    Use: Potion            |       |     1 |       ||     1
         Scroll            |       |       |     6 ||     6
   Stab: Sleeping          |     1 |     7 |     4 ||    12
         Distracted        |       |       |     1 ||     1
 Armour: Animal skin       |    13 |    57 |    64 ||   134
         Skin              |       |    16 |     1 ||    17
  Dodge: Dodged            |    14 |    65 |    52 ||   131
   Form: Beast             |     1 |       |       ||     1

Table legend: (Time is in decaauts)
 A = Elapsed time spent in this place.
 B = Non-inter-level travel time spent in this place.
 C = Inter-level travel time spent in this place.
 D = Time resting spent in this place.
 E = Time spent auto-exploring this place.
 F = Levels seen in this place.
 G = Mean time per level.
                   A        B        C        D        E       F      G
               +--------+--------+--------+--------+--------+-----+--------+
         Total |   5593 |   5358 |    235 |    929 |   3396 |   6 |  932.2 |
       Dungeon |   5593 |   5358 |    235 |    929 |   3396 |   6 |  932.2 |
               +--------+--------+--------+--------+--------+-----+--------+

Top non-repeatable levels by time:
     D:4: 1897 daAuts
     D:3: 1145 daAuts
     D:2: 1038 daAuts
     D:5: 969 daAuts
     D:1: 514 daAuts
     D:6: 28 daAuts
